 Dungeon Sprint DCSS version 0.19-a0-1803-g97ff39f (webtiles) character file.

20430 Naow the Impregnable (level 12, -1/136 HPs)
             Began as a Minotaur Berserker on Oct 5, 2016.
             Was a High Priest of Trog.
             Slain by Kirke (9 damage)
             ... in the Dungeon (Sprint IX: "|||||||||||||||||||||||||||||").
             The game lasted 00:12:55 (3093 turns).

Naow the Impregnable (Minotaur Berserker)           Turns: 3093, Time: 00:12:55

Health: -1/136     AC:  0    Str: 23    XL:     12   Next: 45%
Magic:  11/11      EV: 14    Int:  8    God:    Trog [*****.]
Gold:   953        SH:  5    Dex: 10    Spells: 0 memorised, 11 levels left

rFire  . . .     SeeInvis .     (weapon currently unavailable)
rCold  . . .     Gourm    .     (armour currently unavailable)
rNeg   . . .     Faith    .     (shield currently unavailable)
rPois  .         Spirit   .     (helmet currently unavailable)
rElec  .         Dismiss  .     (cloak currently unavailable)
rCorr  .         Reflect  +     (gloves currently unavailable)
MR     .....     Harm     .     (boots currently unavailable)
Stlth  +......... NoTele   +    R - +5 amulet of reflection
                                (ring currently unavailable)
                                (ring currently unavailable)

@: exhausted, pig-form, slowed
A: (retaliatory headbutt), (horns 0)
a: Berserk, Trog's Hand, Brothers in Arms, Burn Spellbooks, Renounce Religion


You were in the Dungeon.
You worshipped Trog.
Trog was extremely pleased with you.
You were hungry.
You were a filthy swine.
You visited 1 branch You collected 1800 gold pieces.
You spent 847 gold pieces at shops.

Inventory:

Hand Weapons
 a - a +0 hand axe
 m - a +1 broad axe of freezing
 t - a +3 battleaxe of chopping
 B - a +4 battleaxe of chopping
 C - a +2 battleaxe of freezing
 D - a +3 antimagic broad axe
 F - a +4 battleaxe of chopping (melded)
 H - a +1 war axe of venom
 I - a +2 antimagic executioner's axe
 J - a +2 antimagic war axe
 S - a +3 broad axe of flaming
 Y - a +3 antimagic battleaxe
Armour
 b - a +0 animal skin
 n - a +0 cloak
 o - a +0 pair of boots (melded)
 p - a +2 ring mail
 K - a +0 plate armour
 L - the +8 plate armour of Negation (melded) {Str+8 Int+2 Dex-3}
   (You bought it in a shop in the Dungeon)

   It affects your strength (+8).
   It affects your intelligence (+2).
   It affects your dexterity (-3).
 N - a +0 hat (melded)
 T - a +1 cloak (melded)
Jewellery
 q - a +3 ring of intelligence
 r - a +3 ring of dexterity (melded)
 O - a ring of poison resistance (melded)
 P - an uncursed ring of see invisible
 Q - an uncursed ring of fire
 R - a +5 amulet of reflection (around neck)
Wands
 l - a wand of acid (7/15)
Scrolls
 i - 2 scrolls of blinking
 k - 3 scrolls of remove curse
 x - 5 scrolls of identify
 A - 2 scrolls of recharging
 V - a scroll of fog
 W - 2 scrolls of enchant weapon
 X - a scroll of fear
Potions
 d - 8 potions of curing
 e - 7 potions of heal wounds
 f - 2 potions of haste
 g - 4 potions of magic
 h - a potion of berserk rage
 j - a potion of invisibility
 u - a potion of might
 v - a potion of resistance
 w - a potion of agility
 G - a potion of cancellation {unknown}
 U - a potion of cure mutation
Books
 y - a book of Burglary

   Spells                             Type                      Level
   a - Swiftness                      Charms/Air                   2
   b - Passwall                       Transmutation/Earth          2
   c - Passage of Golubria            Translocation                4
   d - Lee's Rapid Deconstruction     Earth                        5
   e - Darkness                       Hexes                        6
   f - Invisibility                   Hexes                        6
   Trog disapproves of the use of such an item.
Comestibles
 c - 12 bread rations
 s - 39 fruits
 z - a slice of pizza
 E - 12 meat rations


   Skills:
 + Level 21.0 Fighting
 - Level 20.3 Axes
 - Level 21.1 Armour
 - Level 2.5 Dodging


You had 11 spell levels left.
You didn't know any spells.

Dungeon Overview and Level Annotations

Branches:
Dungeon (1/1)

Altars:
Cheibriados
Dithmenos
Elyvilon
Fedhas
Gozag
Hepliaklqana
Kikubaaqudgha
Makhleb
Nemelex Xobeh
Okawaru
Qazlal
Ru
Sif Muna
Trog
Uskayaw
Vehumet
Xom
Yredelemnul
Zin
The Shining One
Beogh
Jiyva
Lugonu

Shops:
D (*:*

Annotations:
D Kirke


Innate Abilities, Weirdness & Mutations

((You reflexively headbutt those who attack you in melee.))
((You have a pair of horns on your head.))


Message History

You are no longer berserk.
You are exhausted.
You feel yourself slow down. Kirke hits you!
You hit Kirke.
Kirke is severely wounded.
Kirke mumbles some strange words.
Kirke summons a manticore!
Kirke hits you!!
You hit Kirke but do no damage.
Kirke is severely wounded.
Kirke hits you!
* * * LOW HITPOINT WARNING * * *
The manticore bites you!
* * * LOW HITPOINT WARNING * * *
The manticore claws you!
* * * LOW HITPOINT WARNING * * *
The manticore barely misses you.
Your troll goes berserk!
You are feeling hungry.
Kirke hits you!
You die...

)....(.......)......▓
▓▓▓▓▓▓▓▓▓▓▓▓▓▓▓▓▓▓▓▓▓
∩)∩)∩.....'.........▓
▓▓▓▓▓▓▓▓▓▓▓▓▓▓▓▓▓▓▓.▓
....................▓
▓▓▓▓▓▓▓▓▓▓▓▓▓▓▓▓▓▓▓▓▓
(.........'.........▓
▓▓▓▓▓▓▓▓▓▓▓▓▓▓▓▓▓▓▓.▓
...hhh@hHT.▓
▓▓▓▓▓▓▓▓▓▓▓▓


You could see Kirke, a manticore, 3 hogs and a friendly troll (berserk).

Vanquished Creatures
  Gastronok (D)
  A stone giant (D)
  Erolcha (D)
  A great orb of eyes (D)
  Erica (D)
  An ogre mage (D)
  9 orc high priests (D)
  A skeletal warrior (D)
  2 orc knights (D)
  A deep elf mage (D)
  Joseph (D)
  Psyche (D)
  3 spiny frogs (D)
  A black mamba (D)
  A gargoyle (D)
  A two-headed ogre (D)
  A blink frog (D)
  2 slime creatures (D)
  2 hippogriffs (D)
  A yak (D)
  2 hogs (D)
  A mottled dragon (D)
  A water moccasin (D)
  A sky beast (D)
  3 porcupines (D)
  3 orc warriors (D)
  An eye of draining (D)
  A centaur (D)
  A crocodile (D)
  5 bullfrogs (D)
  A scorpion (D)
  2 crimson imps (D)
  A quasit (D)
  10 orc priests (D)
  An iguana (D)
  8 orc wizards (D)
  A worker ant (D)
  An adder zombie (D)
  An ooze (D)
  An adder skeleton (D)
  7 orcs (D)
  2 bats (D)
  A hobgoblin (D)
  A kobold (D)
  A quokka skeleton (D)
91 creatures vanquished.

Vanquished Creatures (collateral kills)
  A spark wasp (D)
  A hydra (D)
  A deep troll shaman (D)
  An orc knight (D)
  An ugly thing (D)
  3 spiny frogs (D)
  A meliai (shapeshifter) (D)
  A tyrant leech (D)
  A vampire mosquito (D)
  A water moccasin (D)
  2 orc warriors (D)
  A porcupine (D)
  A bullfrog (D)
  An orc (D)
17 creatures vanquished.

Grand Total: 108 creatures vanquished

Notes
Turn   | Place    | Note
-------+----------+-------------------------------------------
     0 | D        | Naow the Minotaur Berserker began the quest for the Orb.
     0 | D        | Reached XP level 1. HP: 19/19 MP: 0/0
     6 | D        | Reached ** piety under Trog
    11 | D        | Reached skill level 5 in Axes
    11 | D        | Reached XP level 2. HP: 26/28 MP: 1/1
    18 | D        | Noticed a centaur
    18 | D        | Noticed a sky beast
    21 | D        | Reached *** piety under Trog
    26 | D        | Killed a centaur
    26 | D        | Reached skill level 10 in Axes
    26 | D        | Reached XP level 3. HP: 30/34 MP: 2/2
    26 | D        | Reached XP level 4. HP: 36/41 MP: 3/3
    35 | D        | Killed a sky beast
    35 | D        | Reached XP level 5. HP: 28/47 MP: 4/4
    40 | D        | Reached **** piety under Trog
    42 | D        | Received a gift from Trog
   259 | D        | Found a roughly hewn altar of Beogh.
   259 | D        | Found a snail-covered altar of Cheibriados.
   259 | D        | Found a shadowy altar of Dithmenos.
   259 | D        | Found a white marble altar of Elyvilon.
   259 | D        | Found a blossoming altar of Fedhas.
   259 | D        | Found an opulent altar of Gozag.
   260 | D        | Found a hazy altar of Hepliaklqana.
   261 | D        | Found a viscous altar of Jiyva.
   262 | D        | Found an ancient bone altar of Kikubaaqudgha.
   263 | D        | Found a corrupted altar of Lugonu.
   264 | D        | Found a burning altar of Makhleb.
   265 | D        | Found a sparkling altar of Nemelex Xobeh.
   266 | D        | Found an iron altar of Okawaru.
   267 | D        | Found a stormy altar of Qazlal.
   268 | D        | Found a sacrificial altar of Ru.
   269 | D        | Found a deep blue altar of Sif Muna.
   270 | D        | Found a bloodstained altar of Trog.
   271 | D        | Found a hide-covered altar of Uskayaw.
   272 | D        | Found a radiant altar of Vehumet.
   273 | D        | Found a shimmering altar of Xom.
   274 | D        | Found a basalt altar of Yredelemnul.
   275 | D        | Found a glowing silver altar of Zin.
   276 | D        | Found a glowing golden altar of the Shining One.
   336 | D        | Reached XP level 6. HP: 53/53 MP: 5/5
   343 | D        | Reached skill level 15 in Axes
   361 | D        | Reached ***** piety under Trog
   503 | D        | Noticed a yak
   503 | D        | Noticed a gargoyle
   517 | D        | Reached XP level 7. HP: 60/60 MP: 1/6
   523 | D        | Killed a yak
   528 | D        | Killed a gargoyle
   528 | D        | Received a gift from Trog
   684 | D        | Noticed a blink frog
   689 | D        | Reached ****** piety under Trog
   689 | D        | Reached XP level 8. HP: 67/67 MP: 7/7
   709 | D        | Noticed a hippogriff
   721 | D        | Killed a hippogriff
   721 | D        | Received a gift from Trog
   721 | D        | Reached skill level 5 in Armour
   725 | D        | Killed a blink frog
   911 | D        | Noticed a black mamba
   911 | D        | Noticed a hippogriff
   912 | D        | Noticed a six-headed hydra
   916 | D        | Killed a black mamba
   916 | D        | Reached skill level 10 in Armour
   916 | D        | Reached XP level 9. HP: 70/72 MP: 8/8
   925 | D        | Noticed a spiny frog
   929 | D        | Killed a six-headed hydra
   929 | D        | Received a gift from Trog
   932 | D        | Killed a spiny frog
   950 | D        | Noticed a spiny frog
   950 | D        | Noticed a tyrant leech
   950 | D        | Noticed a spiny frog
   950 | D        | Noticed a spiny frog
   952 | D        | Killed a spiny frog
   955 | D        | Killed a tyrant leech
   957 | D        | Received a gift from Trog
   959 | D        | Killed a spiny frog
   959 | D        | Reached skill level 15 in Armour
   961 | D        | Noticed a spiny frog
   963 | D        | Noticed a spiny frog
   968 | D        | Killed a spiny frog
   972 | D        | Killed a spiny frog
   972 | D        | Reached XP level 10. HP: 58/80 MP: 9/9
   978 | D        | Killed a spiny frog
  1360 | D        | Noticed Erica
  1367 | D        | Killed Erica
  1376 | D        | Noticed Joseph
  1395 | D        | Killed Joseph
  1694 | D        | Noticed Erolcha
  1698 | D        | Paralysed by Erolcha for 7 turns
  1712 | D        | Killed Erolcha
  1712 | D        | Received a gift from Trog
  1768 | D        | Received a gift from Trog
  1781 | D        | Received a gift from Trog
  1834 | D        | Noticed an orc knight
  1834 | D        | Noticed an orc high priest
  1834 | D        | Noticed an orc knight
  1840 | D        | Noticed an orc knight
  1849 | D        | Killed an orc knight
  1852 | D        | Received a gift from Trog
  1886 | D        | Killed an orc high priest
  1894 | D        | Killed an orc knight
  1897 | D        | Killed an orc knight
  1897 | D        | Reached XP level 11. HP: 59/85 MP: 7/10
  1946 | D        | Noticed an orc high priest
  1955 | D        | Killed an orc high priest
  1999 | D        | Found Emnuewk's Weapon Emporium.
  1999 | D        | Noticed an orc high priest
  1999 | D        | Noticed an orc high priest
  1999 | D        | Noticed an orc high priest
  2001 | D        | Noticed a sun demon
  2002 | D        | Noticed an orc high priest
  2005 | D        | Killed an orc high priest
  2006 | D        | Received a gift from Trog
  2007 | D        | Found Neil's General Store.
  2013 | D        | Noticed an orc high priest
  2014 | D        | Killed an orc high priest
  2017 | D        | Killed an orc high priest
  2019 | D        | Found Lozahiza's Book Emporium.
  2023 | D        | Killed an orc high priest
  2028 | D        | Noticed a soul eater
  2029 | D        | Killed an orc high priest
  2166 | D        | Found Guisan's General Store.
  2168 | D        | Noticed an orc high priest
  2170 | D        | Noticed an orc high priest
  2184 | D        | Killed an orc high priest
  2184 | D        | Received a gift from Trog
  2194 | D        | Killed an orc high priest
  2194 | D        | Reached skill level 15 in Fighting
  2200 | D        | Received a gift from Trog
  2235 | D        | Bought the +8 plate armour of Negation {Str+8 Int+2 Dex-3} for 847 gold pieces
  2285 | D        | Noticed Psyche
  2292 | D        | Killed Psyche
  2292 | D        | Received a gift from Trog
  2302 | D        | Noticed Gastronok
  2311 | D        | Killed Gastronok
  2530 | D        | Noticed a skeletal warrior
  2530 | D        | Noticed a deep elf mage
  2535 | D        | Killed a skeletal warrior
  2535 | D        | Reached XP level 12. HP: 127/127 MP: 11/11
  2541 | D        | Noticed a great orb of eyes
  2544 | D        | Noticed a stone giant
  2546 | D        | Received a gift from Trog
  2547 | D        | Noticed a deep troll shaman
  2549 | D        | Noticed a spark wasp
  2552 | D        | Killed a great orb of eyes
  2558 | D        | Killed a stone giant
  2560 | D        | Noticed an ogre mage
  2564 | D        | Killed a deep troll shaman
  2573 | D        | Killed an ogre mage
  2573 | D        | Received a gift from Trog
  2574 | D        | Killed a spark wasp
  3059 | D        | Noticed Kirke
  3093 | D        | Slain by Kirke

Vault maps used:
D:        linesprint

Skill      XL: |  1  2  3  4  5  6  7  8  9 10 11 12 |
---------------+-------------------------------------+-----
Fighting       | 4 17 21 | 21.0
Axes           | 5 10 12 14 16 18 20 | 20.3
Armour         | 10 16 21 | 21.1
Dodging        | |  2.5

Action                   |  1- 3 |  4- 6 |  7- 9 | 10-12 || total
-------------------------+-------+-------+-------+-------++-------
Melee: Hand axe          |    14 |    40 |    10 |       ||    64
       Headbutt          |     6 |     7 |    11 |    34 ||    58
       Battleaxe         |       |       |    52 |   170 ||   222
       Unarmed           |       |       |       |    31 ||    31
Invok: Berserk           |       |     3 |     1 |     6 ||    10
       Brothers in Arms  |       |       |     1 |     5 ||     6
       Trog's Hand       |       |       |       |     8 ||     8
  Eat: Chunk             |       |       |     4 |    13 ||    17
       Bread ration      |       |       |       |     1 ||     1
       Fruit             |       |       |       |     1 ||     1
Armor: Animal skin       |     1 |       |       |       ||     1
       Ring mail         |       |     2 |    20 |     7 ||    29
       Plate armour      |       |       |       |    52 ||    52
Dodge: Dodged            |    13 |    17 |    32 |    48 ||   110
Block: Other             |       |       |       |    13 ||    13
